 Dungeon Crawl Stone Soup version 0.25-a0-1071-g2607d5cfa1 (webtiles) character file.

Game seed: 8770086333567167884, levelgen mode: deterministic

36 Maedhros the Sneak (level 3, 0/23 HPs)
             Began as an Octopode Artificer on May 14, 2020.
             Slain by a kobold (3 damage)
             ... on level 3 of the Dungeon.
             The game lasted 00:01:29 (305 turns).

Maedhros the Sneak (Octopode Artificer)              Turns: 305, Time: 00:01:29

Health: 0/23       AC:  1    Str: 11    XL:     3   Next: 37%
Magic:  5/5        EV: 13    Int: 13    God:
Gold:   23         SH:  0    Dex: 13    Spells: 2/2 levels left

rFire    . . .     SeeInvis .   a - +0 short sword
rCold    . . .     Gourm    .   (no shield)
rNeg     . . .     Faith    .   (helmet restricted)
rPois    .         Spirit   .   (no amulet)
rElec    .         Reflect  .   (no ring)
rCorr    .         Harm     .   (no ring)
MR       .....                  (no ring)
Stlth    +++.......             (no ring)
HPRegen  0.07/turn              (no ring)
MPRegen  0.09/turn              (no ring)
                                (no ring)
                                (no ring)

@: stab
A: almost no armour, stealthy swim, amphibious, 8 rings, constrict 8, camouflage
1, gelatinous body 1
a: no special abilities


You were on level 3 of the Dungeon.
You were not hungry.

You visited 1 branch of the dungeon, and saw 3 of its levels.

You collected 23 gold pieces.

Inventory:

Hand Weapons
 a - a +0 short sword (weapon)
Wands
 b - a wand of flame (12)
 c - a wand of enslavement (15)
 d - a wand of random effects (15)
Potions
 h - a potion of curing {unknown}
Comestibles
 f - 3 rations


   Skills:
 - Level 1.0 Fighting
 - Level 1.0 Short Blades
 - Level 2.0 Dodging
 - Level 4.0 Stealth
 + Level 1.3 Unarmed Combat
 - Level 3.2 Evocations


You had 2 spell levels left.
You didn't know any spells.
Your spell library was empty.

Dungeon Overview and Level Annotations

Branches:
Dungeon (3/15)

Altars:


Innate Abilities, Weirdness & Mutations

You cannot wear most types of armour.
You are very stealthy in the water. (Stealth+)
You are amphibious.
You can wear up to eight rings at the same time.
You can use your tentacles to constrict eight enemies at once.
Your skin changes colour to match your surroundings (Stealth+).
Your rubbery body absorbs attacks. (AC +1, EV +1)


Message History

The orc hits you with a +0 mace.
You hit the orc. Your grab misses the orc. Your squeeze misses the orc.
The orc is severely wounded.
The kobold barely misses you. The orc barely misses you.
You hit the orc. Your grab misses the orc.
The orc is almost dead.
The kobold hits you. The kobold barely misses you.
The orc completely misses you.
You closely miss the orc. Your grab misses the orc.
The orc is almost dead.
The kobold barely misses you. The kobold hits you. The orc barely misses you.
The kobold hits you.
You closely miss the orc. You grab the orc. You squeeze the orc.
You kill the orc!
The orc throws a boomerang.
The boomerang hits you.
* * * LOW HITPOINT WARNING * * *
The weapon returns to the orc!
The kobold misses you. The kobold hits you.
* * * LOW HITPOINT WARNING * * *
The kobold hits you.
You die...

# #.# # #.# ## #
#.############### o.
###.(.............##o#####
'.)..............(..o.....
##############....##.#.#.#
...... #.##o# .$ ...###
#.##o####.# ...# #..@K...#
# ...# ####K##.# ...+ #.#
# ...# #.# ...# ... . ..#
. ..# . .# .


You could see 2 orcs and 2 kobolds.

Vanquished Creatures
  An ooze (D:3)
  A dart slug (D:3)
  A leopard gecko (D:3)
  3 orcs (D:3)
  6 hobgoblins
  2 kobolds
  A bat (D:2)
  2 frilled lizards (D:3)
  3 goblins
  5 rats
25 creatures vanquished.

Notes
Turn   | Place    | Note
-------+----------+-------------------------------------------
     0 | D:1      | Maedhros the Octopode Artificer began the quest for the
                  | Orb.
     0 | D:1      | Reached XP level 1. HP: 13/13 MP: 3/3
    59 | D:2      | Reached skill level 2 in Stealth
    89 | D:2      | Reached XP level 2. HP: 14/18 MP: 4/4
   129 | D:2      | Reached skill level 3 in Stealth
   236 | D:3      | Reached skill level 4 in Stealth
   241 | D:3      | Reached XP level 3. HP: 6/23 MP: 5/5
   264 | D:3      | Reached skill level 1 in Unarmed Combat
   305 | D:3      | Slain by a kobold

Illustrated notes

Levels and vault maps discovered:
D:1:      nicolae_arrival_somewhat_less_tricky_arrival, layout_loops_cross
D:2:      layout_loops_ring, nicolae_ru_path_of_blood, uniq_robin
D:3:      layout_basic, okawaru_altar_gauntlet_db

Skill      XL: |  1  2  3 |
---------------+----------+-----
Stealth        | 2 4 |  4.0
Unarmed Combat | 1 |  1.3
Fighting       | |  1.0
Short Blades   | |  1.0
Dodging        | |  2.0
Evocations     | |  3.2

Action                   || total
-------------------------++-------
Melee: Short sword       ||    55
       Constrict         ||    16
       Tentacles         ||     9
Evoke: Wand              ||     3
  Use: Potion            ||     2
 Stab: Sleeping          ||     2
Armor: Skin              ||     8
Dodge: Dodged            ||    50

Table legend:
 A = Non-vault XP
 B = Vault XP
 C = Vault XP percentage of total XP
 D = Non-vault monster count
 E = Vault monster count
 F = Vault count percentage of total count
                 A         B        C        D         E       F
            +---------+---------+-------+---------+---------+-------
      Total |      52 |       0 |   0.0 |      25 |       0 |   0.0
            +---------+---------+-------+---------+---------+-------
        D:1 |       3 |       0 |   0.0 |       2 |       0 |   0.0
        D:2 |      13 |       0 |   0.0 |       9 |       0 |   0.0
        D:3 |      36 |       0 |   0.0 |      14 |       0 |   0.0
            +---------+---------+-------+---------+---------+-------
